 Dungeon Crawl Stone Soup version 0.16.2 (webtiles) character file.

61602 poirepourri the Cleaver (level 14, -8/141 HPs)
             Began as a Deep Dwarf Berserker on Aug 13, 2015.
             Was a Believer of Trog.
             Killed from afar by an octopode crusher (32 damage)
             ... with an iron shot
             ... on level 3 of the Shoals.
             The game lasted 01:17:01 (22308 turns).

poirepourri the Cleaver (Deep Dwarf Berserker)     Turns: 22308, Time: 01:17:02

Health: -8/141     AC: 44    Str: 25    XL:     14   Next: 61%
Magic:  11/11      EV: 11    Int:  8    God:    Trog [**....]
Gold:   2063       SH: 10    Dex: 13    Spells: 0 memorised, 13 levels left

rFire  + . .     SeeInvis .     a - +5 hand axe
rCold  . . .     Clarity  .     e - +15 Maxwell's patent armour {-Cast -Tele rElec MR+ rCorr}
rNeg   + . .     SustAb   .     A - +3 buckler
rPois  .         Gourm    .     k - +2 hat
rElec  +         Spirit   .     U - +2 cloak
rCorr  +         Warding  .     v - +1 pair of gloves
rMut   +         NoTele   +     C - +1 pair of boots
MR     ++++.     NoCast   +     K - amulet of resist mutation
Stlth  ..........               Z - +4 ring of protection
                                h - ring of protection from fire

@: non-regenerating, constricted, incredibly resistant to hostile enchantments,
extremely unstealthy
A: damage resistance, recharge devices, horns 1, magic resistance 1, negative
energy resistance 1, sense surroundings 2, slow healing 3
a: Device Recharging, Burn Spellbooks, Berserk, Trog's Hand, Renounce Religion


You were on level 3 of the Shoals.
You worshipped Trog.
Trog was pleased with you.
You were near starving.

You visited 3 branches of the dungeon, and saw 19 of its levels.
You also visited: Ice Cave.

You collected 2063 gold pieces.

Inventory:

Hand weapons
 a - a +5 hand axe (weapon)
 I - a +3 antimagic broad axe
Armour
 b - a +0 animal skin
 e - the +15 Maxwell's patent armour (worn) {-Cast -Tele rElec MR+ rCorr}
   (You found it on level 5 of the Dungeon)

   It insulates you from electricity.
   It affects your resistance to hostile enchantments.
   It prevents spellcasting.
   It prevents most forms of teleportation.
   It protects you from acid and corrosion.
 k - a +2 hat (worn)
 l - a +0 scale mail
 v - a +1 pair of gloves (worn)
 A - a +3 buckler (worn)
 C - a +1 pair of boots (worn)
 D - the +1 pair of boots of the Illusory Suns {Str+3 Int+2 Dex-2}
   (You found it on level 8 of the Dungeon)

   It affects your strength (+3).
   It affects your intelligence (+2).
   It affects your dexterity (-2).
 U - a +2 cloak (worn)
Jewellery
 h - a ring of protection from fire (left hand)
 n - an uncursed ring of flight
 F - an uncursed ring of positive energy
 K - an amulet of resist mutation (around neck)
 Z - a +4 ring of protection (right hand)
Magical devices
 c - a wand of heal wounds (2)
 i - a wand of disintegration (1)
 j - a wand of digging (15)
 q - a wand of lightning (5)
 r - a wand of disintegration (0)
 s - a wand of fire (0)
 u - a wand of slowing (9)
 x - a wand of magic darts (20)
 y - a wand of random effects (16)
 z - a wand of frost (16)
 B - a wand of lightning (4)
 L - a wand of disintegration (8)
 M - a wand of draining (5)
 W - a wand of disintegration (13)
 Y - a wand of frost (29)
Scrolls
 m - 6 scrolls of remove curse
 o - 13 scrolls of teleportation
 E - 4 scrolls of blinking
 P - 2 scrolls of fear
 T - 5 scrolls of fog
 X - 6 scrolls of identify
Potions
 d - a potion of might
 g - 2 potions of curing
 t - 2 potions of restore abilities
 w - 3 potions of magic
 G - a potion of agility
Miscellaneous
 N - a disc of storms
 O - a lamp of fire
Comestibles
 f - 3 slices of pizza
 J - 18 fruits


   Skills:
 * Level 13.4 Fighting
 + Level 14.5 Axes
 + Level 11.6 Armour
 + Level 8.4 Dodging
 + Level 4.4 Stealth
 + Level 11.6 Shields
 + Level 1.5 Evocations


You had 13 spell levels left.
You didn't know any spells.

Dungeon Overview and Level Annotations

Branches:
Dungeon (8/15)             Temple (0/1) D:6            Lair (8/8) D:8
 Shoals (3/5) Lair:3       Spider (0/5) Lair:6        Slime (0/6) Lair:7

Altars:
Dithmenos
Kikubaaqudgha
Okawaru
Sif Muna
Zin

Shops:
D:5 [


Innate Abilities, Weirdness & Mutations

You are resistant to damage.
You can recharge devices by infusing magical energy.
You resist negative energy.
You passively map the area around you.
You do not heal naturally.
You have a pair of small horns on your head.
You are resistant to hostile enchantments.


Message History

The octopode crusher is heavily wounded.
Zapping:
c - a wand of heal wounds (3)
Press: ? - help, Shift-Dir - straight line, f - you You feel much better.
This wand has 2 charges left.
The octopode crusher throws you!
Splash!
You fall into the shallow water.
Moving in this stuff is going to be slow.
The octopode crusher casts a spell at you.
The iron shot hits you!
* * * LOW HITPOINT WARNING * * *
The octopode crusher tentacle-slaps you!
* * * LOW HITPOINT WARNING * * *
The octopode crusher grabs you.
* * * LOW HITPOINT WARNING * * *
The octopode crusher constricts you!
Your attempt to break free from the octopode crusher fails, but you feel that another attempt might succeed.
The octopode crusher casts a spell at you.
The iron shot hits you!
You die...

≈≈≈....>≈≈≈≈≈≈≈≈..........#≈#≈*
≈≈.......≈≈≈≈≈≈≈.........#≈≈≈#≈
≈≈........≈≈≈≈≈≈≈........≈≈#≈≈
≈..........≈≈≈≈≈.........#≈≈≈#
≈....[......≈≈..≈........≈#≈#≈
≈≈..............≈≈.......#≈≈≈# ≈
≈≈.............≈≈≈≈.....≈≈≈# ≈
≈≈.............≈≈≈...≈≈≈≈#≈≈≈#≈≈
≈≈..............@≈≈≈≈≈≈≈≈≈#≈#≈
≈≈..............x≈≈≈≈≈≈≈≈≈≈≈≈.?
≈...............≈..≈≈≈≈≈≈≈≈≈≈≈
≈≈.................≈≈≈≈≈≈≈≈≈≈≈≈
...................≈≈≈≈≈≈≈≈≈≈.≈
.≈...≈.........≈≈.≈≈≈≈≈≈≈....
≈....≈≈≈≈.###....≈≈≈≈≈≈≈....
≈≈.#.≈≈...(##...≈≈≈≈≈≈...###*,
≈≈...≈≈≈.......≈≈≈≈≈≈≈≈..#*


You could see an octopode crusher.

Vanquished Creatures
  Roxanne (Shoals:3)
  A fire dragon (Lair:8)
  A catoblepas (Lair:4)
  2 hydras
  An ice dragon (Lair:8)
  A merfolk avatar (Shoals:1)
  6 death yaks
  A fire crab (Lair:8)
  3 sea snakes
  A lindwurm (Lair:8)
  A hill giant (D:8)
  An orb spider (Lair:6)
  3 manticores
  A water nymph (Shoals:2)
  4 griffons
  2 oklob plants (Lair:8)
  5 elephants (Lair:4)
  2 drowned souls (Shoals:1)
  2 black mambas
  5 sirens
  4 torpor snails (Lair:8)
  A queen ant (Lair:6)
  6 komodo dragons
  16 spiny frogs
  3 fire drakes (Lair:8)
  A polar bear (Lair:5)
  7 merfolk
  A wind drake (Shoals:2)
  3 giant leeches (Lair:8)
  A wolf spider simulacrum (IceCv)
  15 blink frogs
  3 snapping turtles
  A wyvern (D:8)
  7 basilisks
  50 yaks
  A shadow (D:8)
  A hungry ghost (D:7)
  A deep elf mage (D:6)
  2 steam dragons (Lair:8)
  7 hippogriffs
  21 wolves
  2 mottled dragons
  18 soldier ants (Lair:6)
  20 water moccasins
  A swamp drake (Lair:8)
  24 porcupines
  2 orc warriors
  3 wasps (Lair:8)
  4 centaurs
  A sky beast (D:3)
  2 ogres (D:7)
  24 crocodiles
  A boring beetle (Lair:7)
  Sigmund (D:2)
  17 giant frogs
  A wyvern zombie (D:7)
  Blork the orc (D:4)
  A gnoll sergeant (D:5)
  3 brain worms (Lair:8)
  3 scorpions
  4 jellies
  A crimson imp (D:7)
  8 hounds
  A giant frog skeleton (D:8)
  A giant frog zombie (D:6)
  5 orc wizards
  8 orc priests
  A centaur skeleton (D:5)
  12 iguanas
  A polar bear simulacrum (IceCv)
  12 hell rats (Lair:1)
  21 worker ants
  7 sheep
  Ijyb (D:4)
  2 wolf simulacra (IceCv)
  A hound zombie (D:6)
  2 hound skeletons
  A worker ant zombie (D:5)
  67 river rats
  15 adders
  9 gnolls
  3 shadow imps
  15 worms (Lair:8)
  4 giant mites
  An adder skeleton (D:4)
  2 adder zombies
  4 giant geckos
  7 oozes
  26 orcs
  9 bats
  8 giant cockroaches
  13 goblins
  17 hobgoblins
  15 jackals
  12 kobolds
  10 quokkas
  6 ball pythons
  A giant gecko skeleton (D:6)
  7 giant newts
  A jackal zombie (D:6)
  An orc zombie (D:5)
  30 rats
  12 fungi
  2 plants
711 creatures vanquished.

Vanquished Creatures (collateral kills)
  5 harpies (Shoals:1)
  A cyclops (Shoals:1)
  2 elephants (Lair:4)
  A torpor snail (Lair:8)
  A spiny frog (Lair:8)
  Grinder (D:4)
  4 yaks
  A snapping turtle (Shoals:1)
  2 soldier ants (Lair:6)
  2 wolves (Lair:8)
  A brain worm (Lair:8)
  2 worker ants (Lair:6)
  3 sheep (Shoals:1)
  2 worms (Lair:8)
28 creatures vanquished.

Vanquished Creatures (others)
  15 drowned souls (Shoals:1)
  A troll (Shoals:1)
  A polar bear (Lair:6)
  2 two-headed ogres
  A steam dragon (Lair:8)
  A black bear (Lair:6)
  A swamp drake (Lair:8)
  3 ogres
  3 fungi (Lair:8)
  13 plants
41 creatures vanquished.

Grand Total: 780 creatures vanquished

Notes
Turn   | Place    | Note
--------------------------------------------------------------
     0 | D:1      | poirepourri, the Deep Dwarf Berserker, began the quest for the Orb.
     0 | D:1      | Reached XP level 1. HP: 20/20 MP: 1/1
   137 | D:1      | Reached XP level 2. HP: 10/27 MP: 2/2
   418 | D:1      | Acquired Trog's second power
   636 | D:2      | Reached XP level 3. HP: 34/34 MP: 3/3
   747 | D:2      | Noticed Sigmund
   760 | D:2      | Killed Sigmund
   760 | D:2      | Reached XP level 4. HP: 24/44 MP: 4/4
  1124 | D:2      | Reached skill level 4 in Axes
  1154 | D:2      | Found a shadowy altar of Dithmenos.
  1159 | D:2      | Reached XP level 5. HP: 43/50 MP: 5/5
  1569 | D:3      | Noticed a sky beast
  1597 | D:3      | Killed a sky beast
  1629 | D:3      | Reached XP level 6. HP: 52/58 MP: 6/6
  1722 | D:3      | Found an ancient bone altar of Kikubaaqudgha.
  2723 | D:4      | Reached XP level 7. HP: 62/66 MP: 7/7
  2728 | D:4      | Reached skill level 5 in Dodging
  2797 | D:4      | Reached skill level 5 in Fighting
  2996 | D:4      | Noticed Blork the orc
  3007 | D:4      | Killed Blork the orc
  3019 | D:4      | Noticed Ijyb
  3026 | D:4      | Acquired Trog's third power
  3036 | D:4      | Killed Ijyb
  3303 | D:4      | Noticed Grinder
  3318 | D:4      | Paralysed by Grinder for 3 turns
  3341 | D:4      | Paralysed by Grinder for 5 turns
  3348 | D:4      | Paralysed by Grinder for 2 turns
  3351 | D:4      | Paralysed by Grinder for 3 turns
  3361 | D:4      | Killed Grinder
  3361 | D:4      | Reached skill level 5 in Axes
  3361 | D:4      | Reached skill level 5 in Armour
  3477 | D:4      | Found a glowing silver altar of Zin.
  3477 | D:4      | Found an iron altar of Okawaru.
  3477 | D:4      | Found a deep blue altar of Sif Muna.
  3494 | D:4      | Gained mutation: You have a pair of small horns on your head. [potion of beneficial mutation]
  3524 | D:5      | Entered Level 5 of the Dungeon
  3536 | D:5      | Reached XP level 8. HP: 67/75 MP: 8/8
  3791 | D:5      | Reached skill level 6 in Dodging
  3873 | D:5      | Found Grepp's Armour Boutique.
  4247 | D:6      | Reached skill level 1 in Stealth
  4270 | D:6      | Received a gift from Trog
  4327 | D:6      | Found a staircase to the Ecumenical Temple.
  4710 | D:6      | Gained mutation: You passively map the area around you. [level up]
  4710 | D:6      | Reached XP level 9. HP: 70/85 MP: 9/9
  4933 | D:7      | Reached skill level 7 in Fighting
  5502 | D:7      | Reached skill level 1 in Shields
  5791 | D:8      | Reached skill level 8 in Axes
  5820 | D:8      | Reached XP level 10. HP: 96/96 MP: 10/10
  5947 | D:8      | Found a staircase to the Lair.
  6005 | D:8      | Reached skill level 9 in Axes
  6443 | D:8      | Got a pair of distressingly furry boots
  6454 | D:8      | Identified the +1 pair of boots of the Illusory Suns {Str+3 Int+2 Dex-2} (You found it on level 8 of the Dungeon)
  6474 | D:8      | Noticed a hill giant
  6489 | D:8      | Killed a hill giant
  6489 | D:8      | Reached skill level 5 in Shields
  6965 | Lair:1   | Entered Level 1 of the Lair of Beasts
  6991 | Lair:1   | Found a frozen archway.
  7051 | IceCv    | Entered an ice cave
  7063 | IceCv    | HP: 4/99 [wolf spider simulacrum (23)]
  7068 | IceCv    | Reached XP level 11. HP: 81/106 MP: 11/11
  7519 | Lair:1   | Received a gift from Trog
  7665 | Lair:1   | Reached skill level 10 in Axes
  8280 | Lair:1   | Gained mutation: You are resistant to hostile enchantments. [potion of beneficial mutation]
  8486 | Lair:1   | Received a gift from Trog
  8723 | Lair:2   | Identified the Incunabulum of Unstable Companions
  9388 | Lair:2   | Reached skill level 10 in Fighting
 10201 | Lair:3   | Reached skill level 11 in Axes
 10417 | Lair:3   | Reached XP level 12. HP: 88/117 MP: 11/11
 10651 | Lair:3   | Found a staircase to the Shoals.
 10886 | Shoals:1 | Entered Level 1 of the Shoals
 11310 | Lair:4   | Reached skill level 1 in Evocations
 11377 | Lair:4   | Reached skill level 10 in Armour
 12262 | Lair:4   | Noticed a catoblepas
 12278 | Lair:4   | Killed a catoblepas
 12278 | Lair:4   | Reached skill level 12 in Axes
 12487 | Lair:4   | Noticed a five-headed hydra
 12524 | Lair:4   | Killed a 19-headed hydra
 13136 | Lair:5   | Reached XP level 13. HP: 80/127 MP: 13/13
 14658 | Lair:6   | Reached skill level 10 in Shields
 15034 | Lair:6   | Reached skill level 13 in Axes
 15174 | Lair:6   | Found a hole to the Spider Nest.
 15815 | Lair:7   | Found a staircase to the Slime Pits.
 15904 | Lair:7   | Received a gift from Trog
 16457 | Lair:8   | Entered Level 8 of the Lair of Beasts
 17473 | Lair:8   | Found a runed door.
 17897 | Lair:8   | Gained mutation: You resist negative energy. [level up]
 17897 | Lair:8   | Reached XP level 14. HP: 136/139 MP: 13/13
 18111 | Lair:8   | Received a gift from Trog
 19113 | Lair:5   | Reached skill level 14 in Axes
 20142 | Shoals:1 | Noticed a merfolk avatar
 20272 | Shoals:1 | Killed a merfolk avatar
 22158 | Shoals:3 | Noticed Roxanne
 22229 | Shoals:3 | Killed Roxanne
 22270 | Shoals:3 | Noticed an octopode crusher
 22290 | Shoals:3 | HP: 4/141 [octopode crusher/iron shot (37)]
 22308 | Shoals:3 | Killed from afar by an octopode crusher

Action                   |  1- 3 |  4- 6 |  7- 9 | 10-12 | 13-15 || total
-------------------------+-------+-------+-------+-------+-------++-------
Melee: Hand axe          |   101 |   287 |   548 |  1090 |  1602 ||  3628
       Broad axe         |       |       |       |    28 |       ||    28
Invok: Trog's Hand       |       |     9 |     9 |    26 |    55 ||    99
       Berserk           |       |     2 |     2 |     5 |     7 ||    16
       Brothers in Arms  |       |       |     1 |     6 |     6 ||    13
       Burn Spellbooks   |       |       |     1 |     2 |     2 ||     5
 Abil: Device Recharging |       |       |       |     2 |     4 ||     6
Evoke: Wand              |     1 |     2 |     1 |    10 |    30 ||    44
  Use: Potion            |     3 |     3 |     3 |     6 |    17 ||    32
       Scroll            |     2 |     3 |    10 |     8 |    10 ||    33
 Stab: Invisible         |       |       |    10 |       |       ||    10
       Confused          |       |       |       |       |     2 ||     2
       Distracted        |       |       |       |       |     1 ||     1
  Eat: Chunk             |       |     3 |     1 |       |       ||     4
       Bread ration      |       |     2 |       |     5 |       ||     7
       Meat ration       |       |     1 |     1 |     1 |     8 ||    11
       Beef jerky        |       |       |     2 |     3 |     4 ||     9
       Fruit             |       |       |       |     1 |     2 ||     3
       Pizza             |       |       |       |     1 |       ||     1
